 Dungeon Crawl Stone Soup version 0.23.2-1-ga50397a (webtiles) character file.

Game seed: 3539022473356786284

452 dengdeng the Chopper (level 6, -1/56 HPs)
             Began as a Minotaur Berserker on Apr 25, 2019.
             Was a Priest of Trog.
             Killed by divine providence
             ... invoked by an orc priest
              (14 damage)
             ... on level 5 of the Dungeon.
             The game lasted 00:10:48 (4039 turns).

dengdeng the Chopper (Minotaur Berserker)           Turns: 4039, Time: 00:10:49

Health: -1/56      AC: 13    Str: 23    XL:     6   Next: 75%
Magic:  5/5        EV:  7    Int:  4    God:    Trog [***...]
Gold:   151        SH:  0    Dex: 10    Spells: 5/5 levels left

rFire    . . .     SeeInvis .   a - +0 hand axe
rCold    . . .     Gourm    .   (no shield)
rNeg     . . .     Faith    .   i - +0 plate armour
rPois    .         Spirit   .   (helmet restricted)
rElec    .         Reflect  .   (no cloak)
rCorr    .         Harm     .   e - +0 pair of gloves
MR       .....                  (no boots)
Stlth    ..........             (no amulet)
HPRegen  0.18/turn              (no ring)
MPRegen  0.09/turn              (no ring)

@: no status effects
A: retaliatory headbutt, horns 2
a: Berserk, Trog's Hand, Renounce Religion


You were on level 5 of the Dungeon.
You worshipped Trog.
Trog was most pleased with you.
You were hungry.

You visited 1 branch of the dungeon, and saw 5 of its levels.

You collected 151 gold pieces.

Inventory:

Hand Weapons
 a - a +0 hand axe (weapon)
Missiles
 d - 89 stones (quivered)
Armour
 e - a +0 pair of gloves (worn)
 i - a +0 plate armour (worn)
Jewellery
 p - an uncursed ring of fire {unknown}
Wands
 b - a wand of polymorph (6)
 r - a wand of acid (2)
Scrolls
 f - a scroll of enchant weapon {unknown}
 j - 2 scrolls of identify {unknown}
 k - a scroll of blinking {unknown}
 m - 2 scrolls of magic mapping {unknown}
 o - 3 scrolls of teleportation {unknown}
 q - a scroll of fog {unknown}
Potions
 g - 2 potions of degeneration {unknown}
 h - a potion of heal wounds {unknown}
 l - a potion of might {unknown}
 n - a potion of magic {unknown}
Comestibles
 c - 5 rations


   Skills:
 + Level 5.3 Fighting
 + Level 6.0 Axes
 + Level 1.0 Throwing
 * Level 5.3 Armour
 + Level 3.0 Dodging
 + Level 0.5 Stealth


You had 5 spell levels left.
You didn't know any spells.
Your spell library contained the following spells:

 Spells                   Type           Power        Failure   Level  Hunger
 Magic Dart               Conj           #...         100%        1    ##.....
 Blink                    Tloc           N/A          100%        2    ###....
 Call Imp                 Summ           #.......     100%        2    ###....
 Slow                     Hex            #.......     100%        2    ###....
 Conjure Flame            Conj/Fire      #.......     100%        3    ####...
 Mephitic Cloud           Conj/Pois/Air  #.......     100%        3    ####...


Dungeon Overview and Level Annotations

Branches:
Dungeon (5/15)
 Temple: D:4-7

Altars:
Wu Jian
The Shining One


Innate Abilities, Weirdness & Mutations

You reflexively headbutt those who attack you in melee.
You have a pair of horns on your head.


Message History

Beogh smites you!
Things that are here:
a cursed -1 flail; a +0 scale mail; a scroll labeled MUGHIHEYRPH The orc priest mumbles some strange prayers to Beogh against you.
Beogh smites you!
* * * LOW HITPOINT WARNING * * *
You closely miss the orc priest.
The orc priest hits you but does no damage.
Your plate armour prevents you from hitting the orc priest.
The orc priest hits you but does no damage.
You hit the orc priest. Your headbutt misses the orc priest.
The orc priest is lightly wounded.
The orc priest invokes the aid of Beogh against you.
Pain shoots through your body!
* * * LOW HITPOINT WARNING * * *
You hit the orc priest but do no damage.
The orc priest is lightly wounded.
The orc priest mumbles some strange prayers to Beogh against you.
Beogh smites you!
You die...

#.#.# #.# #.#.#.
#.#.# #.# #.#...
..#.# #.# #.##..
###.# #.# #....>
#.# #.# ######
###.# #.# ..#.#
#.# #.#.#
##############.#
.<#.#
....ooo@)......#
..#.#
################
..#.# ###.#
....# #####


You could see an orc priest and 2 orcs.

Vanquished Creatures
  A phantom (D:4)
  Blork the orc (D:4)
  2 orc priests (D:5)
  2 orc wizards
  A worker ant (D:4)
  4 gnolls
  3 adders
  An ooze (D:1)
  3 worms
  3 dart slugs
  3 leopard geckos
  11 orcs
  2 ball pythons
  3 giant cockroaches
  7 goblins
  4 hobgoblins
  7 jackals
  A quokka (D:3)
  4 bats
  5 frilled lizards
  4 kobolds
  A quokka skeleton (D:5)
  5 rats
78 creatures vanquished.

Notes
Turn   | Place    | Note
-------+----------+-------------------------------------------
     0 | D:1      | dengdeng the Minotaur Berserker began the quest for the
                  | Orb.
     0 | D:1      | Reached XP level 1. HP: 19/19 MP: 0/0
   372 | D:1      | Reached XP level 2. HP: 23/27 MP: 1/1
   377 | D:1      | Reached skill level 4 in Axes
   605 | D:1      | Reached XP level 3. HP: 33/33 MP: 2/2
  1116 | D:2      | Found a glowing golden altar of the Shining One.
  1581 | D:2      | Reached ** piety under Trog
  1581 | D:2      | Reached XP level 4. HP: 40/41 MP: 3/3
  1749 | D:2      | Found an ornate altar of the Wu Jian Council.
  2470 | D:3      | Reached skill level 5 in Axes
  2637 | D:3      | Reached skill level 5 in Fighting
  2637 | D:3      | Reached XP level 5. HP: 45/48 MP: 4/4
  2640 | D:3      | Reached *** piety under Trog
  2924 | D:4      | Noticed Blork the orc
  2933 | D:4      | Killed Blork the orc
  3056 | D:4      | Noticed a phantom
  3123 | D:4      | Killed a phantom
  3123 | D:4      | Reached XP level 6. HP: 37/56 MP: 5/5
  3620 | D:5      | Entered Level 5 of the Dungeon
  3722 | D:5      | Reached skill level 6 in Axes
  3733 | D:5      | Reached skill level 1 in Throwing
  3733 | D:5      | Reached skill level 5 in Armour
  4039 | D:5      | Killed from afar by an orc priest

Skill      XL: |  1  2  3  4  5  6 |
---------------+-------------------+-----
Fighting       | 4 5 |  5.3
Axes           | 4 5 6 |  6.0
Armour         | 3 4 5 |  5.3
Dodging        | 3 |  3.0
Throwing       | 1 |  1.0
Stealth        | |  0.5

Action                   |  1- 3 |  4- 6 || total
-------------------------+-------+-------++-------
Melee: Hand axe          |    66 |   150 ||   216
       Headbutt          |    14 |    32 ||    46
       Spear             |       |     3 ||     3
Throw: Stone             |     7 |    27 ||    34
Invok: Berserk           |       |     1 ||     1
  Use: Scroll            |       |     2 ||     2
       Potion            |       |     2 ||     2
  Eat: Chunk             |     2 |     5 ||     7
       Ration            |       |     1 ||     1
Armor: Animal skin       |     6 |     1 ||     7
       Plate armour      |       |    92 ||    92
Dodge: Dodged            |    35 |    56 ||    91
